 Dungeon Crawl Stone Soup version 0.31-a0-232-gb1c03b2570 (webtiles) character file.

Game seed: 10793829530068488155

173 qw the Shooter (level 5, -2/45 HPs)
             Began as a Minotaur Hexslinger on July 7, 2023.
             Slain by an orc priest
             ... wielding a +1 morningstar of protection
              (4 damage)
             ... on level 4 of the Dungeon.
             The game lasted 00:01:08 (2947 turns).

qw the Shooter (Minotaur Hexslinger)                Turns: 2947, Time: 00:01:09

Health: -2/45      AC: 12    Str: 19    XL:     5   Next: 28%
Magic:  14/14      EV: 11    Int: 10    God:
Gold:   84         SH:  0    Dex: 14    Spells: 5/6 levels left

rFire   . . .        Y - +1 sling
rCold   + . .        (no shield)
rNeg    . . .        i - +2 ring mail {rPois}
rPois   +            (helmet restricted)
rElec   +            (no cloak)
rCorr   .            b - +2 pair of gloves
SInv    .            c - +1 pair of boots
Will    .....        m - amulet of the acrobat
Stlth   +            l - ring "Cuphaw" {rElec rC+ MP+9 Str+6}
HPRegen 0.27/turn    (no ring)
MPRegen 0.14/turn

%: acrobat
@: no status effects
A: horns 2, retaliatory headbutt
a: no special abilities


You were on level 4 of the Dungeon.
You visited 1 branch of the dungeon, and saw 4 of its levels.

You collected 123 gold pieces.
You spent 39 gold pieces at shops.


Innate Abilities, Weirdness & Mutations

You have a pair of horns on your head.
You reflexively headbutt those who attack you in melee.


   Skills:
 - Level 3.4 Fighting
 + Level 5.1 Ranged Weapons
 - Level 1.0 Armour
 - Level 2.1 Dodging
 - Level 1.0 Spellcasting
 - Level 2.0 Hexes


You had 5 spell levels left.
You knew the following spells:

 Your Spells              Type           Power      Damage    Failure   Level
a - Slow                  Hex            16%        N/A       26%         1

Your spell library contained the following spells:

 Spells                   Type           Power      Damage    Failure   Level
 Inner Flame              Hex/Fire       2%         N/A       75%         3
 Portal Projectile        Hex/Tloc       4%         N/A       75%         3
 Cause Fear               Hex            2%         N/A       95%         4

Inventory:

Hand Weapons
 Y - a +1 sling (weapon)
Armour
 b - a +2 pair of gloves (worn)
 c - a +1 pair of boots (worn)
 i - a +2 ring mail of poison resistance (worn)
Jewellery
 g - a ring of fire
 h - a ring of willpower
 l - the ring "Cuphaw" (left hand) {rElec rC+ MP+9 Str+6}
   (You found it on level 3 of the Dungeon)

   [ring of strength]

   Str:       It affects your strength (+6).
   rC:        It protects you from cold.
   rElec:     It insulates you from electricity.
   MP:        It affects your magic capacity (+9).
 m - an amulet of the acrobat (around neck)
Scrolls
 d - 2 scrolls of identify
Potions
 a - a potion of might {unknown}
 e - 3 potions of curing
 f - a potion of mutation {unknown}
 j - a potion of cancellation {unknown}

Dungeon Overview and Level Annotations

Branches:
Dungeon (4/15)
 Temple: D:4-7

Altars:
Kikubaaqudgha

Shops:
D:3 !


Message History

The iguana bites you but does no damage.
The orc priest misses you.
You shoot a sling bullet.
The sling bullet barely misses the orc priest.
The sling bullet hits the jackal.
The jackal is moderately wounded.
The orc priest invokes the aid of Beogh against you.
You barely resist. The iguana barely misses you. You furiously retaliate!
You headbutt the iguana! You shoot a sling bullet.
The sling bullet hits the iguana.
The iguana is severely wounded.
The orc priest barely misses you. The iguana barely misses you.
The orc priest calls down the wrath of Beogh upon you.
Pain shoots through your body! The iguana closely misses you.
A jackal comes into view.
You shoot a sling bullet.
The sling bullet barely misses the iguana.
The iguana misses you.
The orc priest hits you but does no damage.
You shoot a sling bullet. The sling bullet hits the iguana.
The iguana is almost dead.
The iguana bites you.
The orc priest hits you but does no damage.
You shoot a sling bullet.
The sling bullet barely misses the iguana.
The iguana closely misses you.
The orc priest hits you but does no damage.
You shoot a sling bullet.
The sling bullet closely misses the iguana.
You hear a bark!
The iguana bites you but does no damage.
The orc priest barely misses you.
You hear a bark!
You shoot a sling bullet.
The sling bullet hits the iguana but does no damage.
The iguana is almost dead.
The iguana bites you but does no damage.
The orc priest hits you with a +1 morningstar of protection!
The orc priest hits you with a +1 morningstar of protection.
You die...

#.# #.# ## #.# .#
#.. .# .# .# # .###
############h#
.).####.........@oh#
.#........#######l.#
.######.#..# ..# ##
#.##.# ..#
##.##)##### ..#
#.........# ..#
#####.........# ..#
#............^# ..#
#......####....#


You could see an iguana, an orc priest and 2 jackals.

Vanquished Creatures
  A hound (D:4)
  5 adders
  3 worms
  3 dart slugs
  4 orcs
  8 ball pythons
  8 endoplasms
  2 giant cockroaches
  7 goblins
  6 hobgoblins
  5 jackals (D:1)
  6 kobolds
  A quokka (D:2)
  5 bats
  4 frilled lizards
  9 rats
77 creatures vanquished.

Notes
Turn   | Place    | Note
-------+----------+-------------------------------------------
     0 | D:1      | qw the Minotaur Hexslinger began the quest for the Orb.
     0 | D:1      | Reached XP level 1. HP: 16/16 MP: 1/1
     0 | D:1      | 0 ||| qw: Version: 0.3-a-46-gb1f654a
     0 | D:1      | 0 ||| qw: Game counter: 2189
     0 | D:1      | 0 ||| qw: Melee chars always use a shield: true
     0 | D:1      | 0 ||| qw: God list: Okawaru
     0 | D:1      | 0 ||| qw: Allow faded altars: false
     0 | D:1      | 0 ||| qw: Do Orc after clearing Dungeon:15 true
     0 | D:1      | 0 ||| qw: Do second Lair branch before Depths: true
     0 | D:1      | 0 ||| qw: Lair rune preference: random
     0 | D:1      | 0 ||| qw: Goals: Normal
     0 | D:1      | 0 ||| PLANNING D:1-11
    90 | D:1      | Reached skill level 3 in Ranged Weapons
    90 | D:1      | Reached XP level 2. HP: 23/23 MP: 2/2
   836 | D:1      | 836 ||| UPGRADING to +0 leather armour.
   846 | D:1      | 846 ||| DROPPING +0 robe.
   847 | D:1      | 847 ||| UPGRADING to +2 ring mail of poison resistance.
   857 | D:1      | 857 ||| DROPPING +0 leather armour.
   858 | D:1      | 858 ||| READING 2 scrolls labelled XICOICV FIUWA.
   859 | D:1      | 859 ||| READING scroll labelled XUM MOMUOZAA.
   863 | D:1      | 863 ||| DROPPING scroll of fog.
   864 | D:1      | 864 ||| DROPPING scroll of poison.
   947 | D:2      | Reached XP level 3. HP: 29/29 MP: 3/3
  1173 | D:2      | Reached skill level 4 in Ranged Weapons
  1529 | D:2      | Reached skill level 1 in Armour
  1720 | D:2      | 1720 ||| UPGRADING to +2 pair of gloves.
  1725 | D:2      | 1725 ||| UPGRADING to +0 pair of boots.
  1730 | D:2      | 1730 ||| READING scroll labelled IRAFOS XIELEM.
  1769 | D:3      | Reached XP level 4. HP: 36/36 MP: 4/4
  1814 | D:3      | Found an ancient bone altar of Kikubaaqudgha.
  1853 | D:3      | Found Hinyhast's Distillery.
  1861 | D:3      | 1861 ||| BUYING potion of curing (39 gold).
  1861 | D:3      | Bought a potion of curing for 39 gold pieces
  1861 | D:3      | 1861 ||| SHOPLISTING potion of enlightenment (65 gold, have
                  | 29).
  1861 | D:3      | 1861 ||| SHOPLISTING potion of heal wounds (65 gold, have
                  | 29).
  2222 | D:3      | Found a faded altar of an unknown god.
  2365 | D:3      | Reached skill level 5 in Ranged Weapons
  2369 | D:3      | Identified the ring "Cuphaw" {rElec rC+ MP+9 Str+6}
  2429 | D:3      | 2429 ||| UPGRADING to amulet of the acrobat.
  2434 | D:3      | 2434 ||| UPGRADING to ring "Cuphaw" {rElec rC+ MP+9 Str+6}.
  2504 | D:3      | 2504 ||| READING 2 scrolls labelled SEIHUA GUTAH.
  2505 | D:3      | 2505 ||| READING 2 scrolls labelled WUCHONLOHUT.
  2506 | D:3      | 2506 ||| READING scroll of enchant armour.
  2506 | D:3      | 2506 ||| ENCHANTING +0 pair of boots.
  2615 | D:4      | Reached skill level 3 in Fighting
  2615 | D:4      | Reached XP level 5. HP: 45/45 MP: 5/5
  2754 | D:4      | HP: 11/45 [orc priest/+1 morningstar of protection (10)]
  2755 | D:4      | 2755 ||| READING scroll of teleportation.
  2755 | D:4      | HP: 4/45 [orc priest/nerve-wracking pain (8)]
  2944 | D:4      | HP: 11/45 [iguana (5)]
  2947 | D:4      | HP: 2/45 [orc priest/+1 morningstar of protection (10)]
  2947 | D:4      | Slain by an orc priest

Levels and vault maps discovered:
D:1:      amcnicky_arrival_choice, layout_basic, nrook_campfire,
          minmay_tromino_mix6
D:2:      layout_loops_ring, grunt_ministairs_9, kennysheep_cluttered_room
D:3:      layout_basic, kiku_gazebo_garden_becter, serial_shops, shop,
          shapermc_ecumenical_altar_mp_vishouse
D:4:      layout_basic, kennysheep_orc_chapel

Skill      XL: |  1  2  3  4 |
---------------+-------------+-----
Ranged Weapons | 3 4 5 |  5.1
Fighting       | 2 3 |  3.4
Armour         | 1 |  1.0
Dodging        | |  2.1
Spellcasting   | |  1.0
Hexes          | |  2.0

Action                     |  1- 3 |  4- 6 || total
---------------------------+-------+-------++-------
   Fire: Sling             |   146 |   127 ||   273
    Use: Scroll            |     3 |     4 ||     7
 Armour: Robe              |     6 |       ||     6
         Ring mail         |    25 |    46 ||    71
  Dodge: Dodged            |    47 |    44 ||    91

Table legend:
 A = Non-vault XP
 B = Vault XP
 C = Vault XP percentage of total XP
 D = Non-vault monster count
 E = Vault monster count
 F = Vault count percentage of total count
                 A         B        C        D         E       F
            +---------+---------+-------+---------+---------+-------
      Total |     222 |      26 |  10.5 |      70 |       7 |   9.1
            +---------+---------+-------+---------+---------+-------
        D:1 |      31 |       7 |  18.4 |      18 |       4 |  18.2
        D:2 |      43 |      13 |  23.2 |      22 |       1 |   4.3
        D:3 |      61 |       0 |   0.0 |      18 |       0 |   0.0
        D:4 |      87 |       6 |   6.5 |      12 |       2 |  14.3
            +---------+---------+-------+---------+---------+-------
